 Dungeon Crawl Stone Soup version 0.25-a0-578-gc91f01c (webtiles) character file.

Game seed: 16870933244470201310, levelgen mode: deterministic

114 Faca the Magician (level 4, 0/38 HPs)
             Began as a Draconian Wizard on Mar 6, 2020.
             Killed from afar by Sigmund (6 damage)
             ... with a magic dart
             ... on level 3 of the Dungeon.
             The game lasted 00:13:05 (4257 turns).

Faca the Magician (Draconian Wizard)                Turns: 4257, Time: 00:13:06

Health: 0/38       AC:  7    Str:  9    XL:     4   Next: 66%
Magic:  3/10       EV: 12    Int: 19    God:
Gold:   76         SH:  0    Dex: 10    Spells: 10/11 levels left

rFire    . . .     SeeInvis .   i - +0 hunting sling
rCold    . . .     Gourm    .   (no shield)
rNeg     . . .     Faith    .   (armour unavailable)
rPois    .         Spirit   .   a - +1 hat
rElec    .         Reflect  .   v - +0 cloak
rCorr    .         Harm     .   (no gloves)
MR       .....                  (no boots)
Stlth    +.........             (no amulet)
HPRegen  0.12/turn              e - ring of attention (curse)
MPRegen  0.12/turn              (no ring)

@: no status effects
A: unfitting armour, cold-blooded, AC +5
a: no special abilities


You were on level 3 of the Dungeon.
You were hungry.

You visited 1 branch of the dungeon, and saw 3 of its levels.

You collected 76 gold pieces.

Inventory:

Hand Weapons
 i - a +0 hunting sling (weapon)
 m - a +0 dagger
Missiles
 j - 115 stones (quivered)
 p - 41 sling bullets
Armour
 a - a +1 hat (worn)
 s - a +0 kite shield
 v - a +0 cloak (worn)
Jewellery
 e - a cursed ring of attention (left hand)
 k - an uncursed ring of ice
Scrolls
 b - a scroll of enchant armour
 f - 2 scrolls of blinking
 t - a scroll of remove curse {unknown}
 u - a scroll of fear {unknown}
 w - a scroll of teleportation
 x - a scroll of amnesia
Potions
 d - 2 potions of lignification {unknown}
 g - a potion of invisibility
 h - a potion of haste {unknown}
 l - a potion of cancellation {unknown}
 n - a potion of flight {unknown}
 o - 3 potions of mutation
 q - a potion of magic {unknown}
 r - 2 potions of brilliance {unknown}
Comestibles
 c - 9 rations


   Skills:
 + Level 3.2 Fighting
 - Level 1.7 Dodging
 - Level 1.7 Stealth
 - Level 4.0 Spellcasting
 + Level 1.4 Conjurations
   Level 1.0 Summonings
   Level 1.0 Translocations


You had 10 spell levels left.
You knew the following spells:

 Your Spells              Type           Power        Failure   Level  Hunger
a - Magic Dart            Conj           #...         8%          1    None

Your spell library contained the following spells:

 Spells                   Type           Power        Failure   Level  Hunger
 Blink                    Tloc           N/A          14%         2    ##.....
 Call Imp                 Summ           #.......     14%         2    ##.....
 Slow                     Hex            #.......     21%         2    ##.....
 Conjure Flame            Conj/Fire      #.......     30%         3    ###....
 Mephitic Cloud           Conj/Pois/Air  #.......     32%         3    ###....


Dungeon Overview and Level Annotations

Branches:
Dungeon (3/15)

Altars:
Gozag
Hepliaklqana
Qazlal

Annotations:
D:3 Sigmund


Innate Abilities, Weirdness & Mutations

Your plain brown scales are hard. (AC +5)
You cannot fit into any form of body armour.
You are cold-blooded and may be slowed by cold attacks.


Message History

The stone hits Sigmund but does no damage.
Sigmund is almost dead.
Sigmund gestures wildly while chanting.
Sigmund flickers and vanishes!
Deactivating autopickup; reactivate with Ctrl-A.
You are confused.
You bump into the rock wall.
You bump into the rock wall.
Something hits you but does no damage.
You bump into the rock wall.
You bump into the rock wall.
Something hits you. Something hits you.
You feel less confused.
You hear some strange, mumbled words.
Something tries to affect you, but you resist.
A puff of flame appears from out of thin air!
The puff of flame hits you!
* * * LOW HITPOINT WARNING * * *
A magic dart appears from out of thin air!
The magic dart hits you.
You die...

#.# #.# #.# #.#
##########
#.#######.........
#.................
#..####.###.##.#.#
#..####.###.##.#.#
#@...............#
#..##.###.##.#.#.#
#..............#..
#..##.#.##.#.#.#.#
#..##........#...#
#.....#.#......#.#
#..##.#......#.#..
#..##...#........#
#..##.#.#.#.##.#.#


There were no monsters in sight!

Vanquished Creatures
  3 adders (D:2)
  An ooze (D:2)
  2 dart slugs
  A leopard gecko (D:1)
  An orc (D:3)
  6 bats
  6 giant cockroaches
  7 goblins
  10 hobgoblins
  3 jackals (D:2)
  3 quokkas (D:2)
  8 frilled lizards
  8 kobolds
  15 rats
74 creatures vanquished.

Notes
Turn   | Place    | Note
-------+----------+-------------------------------------------
     0 | D:1      | Faca the Draconian Wizard began the quest for the Orb.
     0 | D:1      | Reached XP level 1. HP: 14/14 MP: 4/4
   257 | D:1      | Reached skill level 1 in Fighting
   338 | D:1      | Reached XP level 2. HP: 23/23 MP: 0/6
   974 | D:1      | Reached XP level 3. HP: 28/29 MP: 8/8
  1178 | D:2      | Found a stormy altar of Qazlal.
  1988 | D:2      | Reached XP level 4. HP: 33/37 MP: 9/9
  2185 | D:2      | Reached skill level 4 in Spellcasting
  3431 | D:3      | Noticed Sigmund
  3734 | D:3      | Found an opulent altar of Gozag.
  3734 | D:3      | Found a hazy altar of Hepliaklqana.
  4257 | D:3      | Killed from afar by Sigmund

Levels and vault maps discovered:
D:1:      wheals_arrival_linesprint, layout_basic
D:2:      layout_basic, lemuel_round_altar
D:3:      layout_basic, gammafunk_temple_overflow_pools, serial_curves,
          eino_curves_02, eino_curves_04, minmay_liquid_box,
          minmay_diced_spiral, uniq_sigmund

Skill      XL: |  1  2  3  4 |
---------------+-------------+-----
Fighting       | 1 2 3 |  3.2
Spellcasting   | 4 |  4.0
Dodging        | |  1.7
Stealth        | |  1.7
Conjurations   | |  1.4
Summonings     | |  1.0
Translocations | |  1.0

Action                   |  1- 3 |  4- 6 || total
-------------------------+-------+-------++-------
Melee: Unarmed           |    79 |       ||    79
       Tailslap          |    17 |    10 ||    27
       Dagger            |    56 |   153 ||   209
 Fire: Hunting sling     |    72 |     3 ||    75
 Cast: Magic Dart        |    24 |    20 ||    44
  Use: Scroll            |       |     6 ||     6
 Stab: Sleeping          |     2 |     1 ||     3
  Eat: Chunk             |     3 |     7 ||    10
Armor: Skin              |    70 |    53 ||   123
Dodge: Dodged            |   125 |   104 ||   229

Table legend:
 A = Non-vault XP
 B = Vault XP
 C = Vault XP percentage of total XP
 D = Non-vault monster count
 E = Vault monster count
 F = Vault count percentage of total count
                 A         B        C        D         E       F
            +---------+---------+-------+---------+---------+-------
      Total |     158 |       5 |   3.1 |      70 |       4 |   5.4
            +---------+---------+-------+---------+---------+-------
        D:1 |      48 |       0 |   0.0 |      29 |       0 |   0.0
        D:2 |      96 |       0 |   0.0 |      34 |       0 |   0.0
        D:3 |      14 |       5 |  26.3 |       7 |       4 |  36.4
            +---------+---------+-------+---------+---------+-------
